 Dungeon Crawl Stone Soup version 0.15.2 (webtiles) character file.

942 the1qrp the Sneak (level 8, -6/40 HPs)
             Began as a Vine Stalker Assassin on May 6, 2015.
             Was an Initiate of Fedhas.
             Killed from afar by thelaststarmaker's ghost (9 damage)
             ... with a blast of negative energy
             ... on Level 5 of the Dungeon.
             The game lasted 00:38:59 (4325 turns).

the1qrp the Sneak (Vine Stalker Assassin)           Turns: 4325, Time: 00:38:59

HP  -6/40        AC  9     Str 21      XL: 8   Next: 12%
MP   0/11        EV 11     Int 11      God: Fedhas [......]
Gold 235         SH  0     Dex 16      Spells:  1 memorised,  4 levels left

rFire  + . .     SeeInvis .     a - +6 dagger
rCold  . . .     Clarity  +     i - +1 ring mail {rF+}
rNeg   . . .     rCorr    .     (no shield)
rPois  .         rRot     +     (no helmet)
rElec  .         Spirit   +     d - +0 cloak
SustAb .         Warding  .     (no gloves)
rMut   .         Stasis   .     q - +1 pair of boots
Gourm  .                        u - amulet of clarity
MR     +....                    h - +5 ring of strength
                                p - ring of wizardry

@: heavily drained, somewhat resistant to hostile enchantments, unstealthy
A: fangs 3, regeneration 2, magic shield, antimagic bite, no device heal 3, rot
immunity
a: Renounce Religion


You were on level 5 of the Dungeon.
You worshipped Fedhas.
Fedhas was noncommittal.
You were not hungry.

You visited 1 branch of the dungeon, and saw 7 of its levels.

You collected 235 gold pieces.

Inventory:

Hand weapons
 a - a +6 dagger (weapon)
 b - a +0 blowgun
 j - a -1 short sword
 r - a +0 scythe
 C - a +3 quarterstaff
Missiles
 e - 26 arrows
 B - 16 poisoned needles (quivered)
 E - 17 arrows of flame
Armour
 c - a +0 robe
 d - a +0 cloak (worn)
 i - a +1 ring mail of fire resistance (worn)
 n - a +0 shield
 q - a +1 pair of boots (worn)
Comestibles
 g - 2 bread rations
 t - 3 fruits
 w - a meat ration
 F - a beef jerky
Scrolls
 z - a scroll of teleportation
 A - a scroll of remove curse
Jewellery
 h - a +5 ring of strength (right hand)
 l - an uncursed amulet of warding {unknown}
 m - a cursed -3 ring of dexterity {unknown}
 p - a ring of wizardry (left hand)
 u - an amulet of clarity (around neck)
 y - a +5 ring of intelligence {unknown}
Potions
 f - a potion of poison {unknown}
 k - a potion of agility
 o - a potion of restore abilities {unknown}
 s - a potion of cure mutation {unknown}
 x - 2 potions of heal wounds
 D - 2 potions of haste {unknown}
Books
 v - a book of the Dragon

   Spells                             Type                      Level
   *Flight                            Charms/Air                   3
   Cause Fear                         Hexes                        4
   Bolt of Fire                       Conjuration/Fire             6
   Dragon Form                        Transmutation                7
   Dragon's Call                      Summoning                    9


   Skills:
 + Level 3.2(1.9) Fighting
 + Level 3.2(1.9) Short Blades
 + Level 1.9(0.7) Throwing
 + Level 3.9(2.6) Armour
 + Level 4.3(3.0) Dodging
 + Level 6.1(4.7) Stealth
 + Level 0.2(0.0) Spellcasting


You had 4 spell levels left.
You knew the following spells:

 Your Spells              Type           Power        Failure   Level  Hunger
a - Flight                Chrm/Air       #.........   58%         3    ####...


Dungeon Overview and Level Annotations

Branches:
Dungeon (7/15)
 Temple: D:4-7

Altars:
Dithmenos
Fedhas
Makhleb
Qazlal
The Shining One

Annotations:
D:5 thelaststarmaker's ghost, experienced DrDK


Innate Abilities, Weirdness & Mutations

You have razor-sharp teeth.
You heal very quickly.
When hurt, damage is shared between your health and your magic reserves.
Your bite disrupts and absorbs the magic of your enemies.
Potions and wands cannot restore your health.
You are immune to rotting.


Message History

Thelaststarmaker's ghost is moderately damaged.
Thelaststarmaker's ghost hits you!
* * * LOW HITPOINT WARNING * * *
x2 You closely miss thelaststarmaker's ghost.
Thelaststarmaker's ghost is moderately damaged.
The ooze hits you.
* * * LOW HITPOINT WARNING * * *
Thelaststarmaker's ghost breathes negative energy at you.
The blast of negative energy hits you!
You feel drained.
* * * LOW HITPOINT WARNING * * *
That would not heal you. The ooze hits you.
* * * LOW HITPOINT WARNING * * *
Thelaststarmaker's ghost hits you but does no damage.
Found a stone staircase leading down.
A worker ant comes into view.
Thelaststarmaker's ghost breathes negative energy at you.
The blast of negative energy hits you!
You feel drained.
You die...
Fedhas appreciates your contribution to the ecosystem.

#. #.. #########
#.##.......###
#...........##
#........<....#
#....J@........
##....W.......>.
#.............a
#..............
#.............#
##...........#
#..[...(...##
#......[..## .
#........###...#


You could see an ooze, a worker ant (sleeping) and thelaststarmaker's ghost.

Vanquished Creatures
  Grinder (D:3)
  3 ogres
  Sigmund (D:2)
  A hound (D:3)
  A centaur skeleton (D:4)
  2 orc wizards
  Natasha (twice) (D:6)
  Ijyb (D:3)
  6 adders
  4 gnolls (D:4)
  2 giant mites
  4 worms
  An iguana skeleton (D:4)
  A giant gecko (D:3)
  An ooze (D:4)
  11 orcs
  A ball python (D:3)
  9 hobgoblins
  7 kobolds
  2 quokkas
  10 bats
  4 giant cockroaches
  A giant gecko skeleton (D:3)
  3 giant newts
  6 goblins
  2 jackals (D:3)
  5 rats
92 creatures vanquished.

Vanquished Creatures (others)
  An orc wizard (D:3)
1 creature vanquished.

Grand Total: 93 creatures vanquished

Notes
Turn   | Place    | Note
--------------------------------------------------------------
     0 | D:1      | the1qrp, the Vine Stalker Assassin, began the quest for the Orb.
     0 | D:1      | Reached XP level 1. HP: 11/11 MP: 1/1
   117 | D:1      | Reached skill level 5 in Stealth
   542 | D:1      | Reached XP level 2. HP: 15/15 MP: 3/3
  1059 | D:2      | Reached XP level 3. HP: 8/18 MP: 4/4
  1290 | D:2      | Reached skill level 1 in Dodging
  1467 | D:2      | Reached skill level 1 in Armour
  1507 | D:2      | Noticed Sigmund
  1532 | D:2      | Killed Sigmund
  1532 | D:2      | Reached XP level 4. HP: 16/23 MP: 3/5
  1532 | D:2      | Reached XP level 5. HP: 18/26 MP: 4/7
  1795 | D:2      | Learned a level 3 spell: Flight
  1904 | D:2      | Found a glowing golden altar of the Shining One.
  1993 | D:2      | Became a worshipper of the Shining One
  2510 | D:3      | Noticed Ijyb
  2546 | D:3      | Killed Ijyb
  2586 | D:3      | Gained mutation: You heal very quickly. [vine stalker growth]
  2586 | D:3      | Reached XP level 6. HP: 32/32 MP: 8/8
  2931 | D:3      | Noticed Grinder
  2947 | D:3      | Killed Grinder
  2947 | D:3      | Reached XP level 7. HP: 22/35 MP: 9/9
  3538 | D:4      | Reached skill level 6 in Stealth
  3793 | D:4      | Found a shadowy altar of Dithmenos.
  3808 | D:4      | Found a burning altar of Makhleb.
  3808 | D:4      | Acquired the Shining One's first power
  3840 | D:4      | Found a stormy altar of Qazlal.
  3863 | D:4      | Found a blossoming altar of Fedhas.
  3881 | D:4      | Fell from the grace of the Shining One
  3881 | D:4      | Became a worshipper of Fedhas Madash
  4029 | D:4      | You fall through a shaft for 3 floors!
  4182 | D:6      | Noticed Natasha
  4199 | D:6      | Killed Natasha
  4199 | D:6      | Gained mutation: You have razor-sharp teeth. [vine stalker growth]
  4199 | D:6      | Reached XP level 8. HP: 36/40 MP: 9/11
  4212 | D:6      | Noticed Natasha
  4230 | D:6      | Killed Natasha
  4238 | D:5      | Entered Level 5 of the Dungeon
  4292 | D:5      | Noticed thelaststarmaker's ghost (experienced DrDK)
  4324 | D:5      | HP: 2/40 [ooze (3)]
  4325 | D:5      | Killed from afar by thelaststarmaker's ghost

Action                   |  1- 3 |  4- 6 |  7- 9 || total
-------------------------+-------+-------+-------++-------
Melee: Dagger            |    35 |    13 |   104 ||   152
       Short sword       |    57 |   153 |       ||   210
  Use: Scroll            |    12 |     6 |     1 ||    19
 Stab: Sleeping          |     2 |     4 |     1 ||     7
  Eat: Bread ration      |     1 |     1 |     1 ||     3
